 Seeded DCSS version 0.30.0-10-gfe55d96785 (webtiles) character file.

Game seed: 15220233535097443495 (custom seed)

830 GigaChad the Chopper (level 8, -8/61 HPs)
             Began as a Formicid Fighter on May 15, 2023.
             Was an Initiate of the Shining One.
             Mangled by Edmund
             ... wielding a +2 dire flail of holy wrath
              (12 damage)
             ... on level 4 of the Dungeon on May 16, 2023.
             The game lasted 00:04:54 (3534 turns).

GigaChad the Chopper (Formicid Fighter)             Turns: 3534, Time: 00:04:55

Health: -8/61      AC:  9    Str: 23    XL:     8   Next: 18%
Magic:  8/8        EV:  8    Int:  8    God:    the Shining One [......]
Gold:   105        SH:  5    Dex: 13    Spells: 7/7 levels left

rFire   . . .        a - +1 war axe
rCold   . . .        c - +0 buckler
rNeg    . . .        i - +0 chain mail
rPois   .            (helmet unavailable)
rElec   .            (no cloak)
rCorr   .            (no gloves)
SInv    +            (no boots)
Will    .....        (no amulet) Stlth
                     (no ring)
HPRegen 0.30/turn    (no ring)
MPRegen 0.11/turn

%: no passive effects
@: glowing
A: permanent stasis, dig shafts and tunnels, antennae 3, four strong arms
a: Dig, Shaft Self, Renounce Religion


You were on level 4 of the Dungeon.
You worshipped the Shining One.
The Shining One was noncommittal.
You visited 1 branch of the dungeon, and saw 4 of its levels.

You collected 105 gold pieces.

Inventory:

Hand Weapons
 a - a +1 war axe (weapon)
Armour
 b - a +0 scale mail
 c - a +0 buckler (worn)
 i - a +0 chain mail (worn)
Jewellery
 f - a ring of flight
 h - a ring of protection from fire
Wands
 n - a wand of flame (9)
Scrolls
 e - 2 scrolls of identify
 o - a scroll of enchant weapon
 p - a scroll of acquirement {unknown}
 q - a scroll of vulnerability {unknown}
Potions
 d - 2 potions of might
 g - 3 potions of curing {unknown}
 j - a potion of flight {unknown}
 k - 2 potions of brilliance {unknown}
 l - a potion of cancellation {unknown}
 m - 2 potions of heal wounds {unknown}
 r - 2 potions of degeneration {unknown}


   Skills:
 * Level 4.9 Fighting
 * Level 6.6 Axes
 * Level 5.1 Armour
 * Level 5.6 Shields


You had 7 spell levels left.
You didn't know any spells.
Your spell library contained the following spells:

 Spells                   Type           Power      Damage    Failure   Level
 Gell's Gravitas          Tloc           0%         N/A       100%        3
 Teleport Other           Tloc           0%         N/A       100%        3
 Dispersal                Tloc           0%         N/A       100%        6


Dungeon Overview and Level Annotations

Branches:
Dungeon (4/15)
 Temple: D:4-7

Altars:
Okawaru
Sif Muna
Yredelemnul
The Shining One

Annotations:
D:3 4 runed translucent doors, Chodeload's ghost, amateur BaWn; Crazy Yiuf
D:4 Duvessa; Edmund


Innate Abilities, Weirdness & Mutations

You cannot be hasted, slowed, berserked, paralysed or teleported.
You can dig through walls and to a lower floor.
You have a pair of large antennae on your head. (SInv)
Your four strong arms can wield two-handed weapons with a shield.


Message History

You hit Dowan.
Dowan is almost dead.
You hit Duvessa. Duvessa hits you but does no damage. Dowan closely misses you.
Unknown command.
You hit Dowan but do no damage.
Dowan is almost dead.
You hit Duvessa but do no damage.
An orc comes into view. It is wielding a +0 club.
Dowan zaps a wand.
The roots erupt in riotous growth!
The grasping roots grab you!
Dowan is unaffected.
Duvessa is unaffected.
The grasping roots constrict you.
* * * LOW HITPOINT WARNING * * *
Duvessa hits you with a +0 short sword.
* * * LOW HITPOINT WARNING * * *
Edmund says, "People will remember me!
They'll remember me and die!"
Unknown command.
You hit Dowan.
You kill Dowan!
Duvessa weeps, and shakes her weapon.
Duvessa goes berserk!
You hit Duvessa. You hit Edmund. Duvessa hits you but does no damage.
Edmund hits you with a +2 dire flail of holy wrath.
* * * LOW HITPOINT WARNING * * *
Duvessa hits you but does no damage. Duvessa closely misses you.
Things that are here:
a +0 dagger; a +0 robe; a wand of roots (9) Unknown command.
You closely miss Edmund.
Edmund is lightly wounded.
You barely miss Duvessa. You block Duvessa's attack.
Edmund hits you with a +2 dire flail of holy wrath!
* * * LOW HITPOINT WARNING * * *
Duvessa hits you with a +0 short sword.
* * * LOW HITPOINT WARNING * * *
You closely miss Edmund.
Edmund is lightly wounded.
You hit Duvessa. Duvessa closely misses you.
Edmund hits you with a +2 dire flail of holy wrath!
You die...

#.########### ###.#
..#.# #####.#.# #
#⌠8⌠#.#.# # +...#.#.# #
#...#.#.# ##
+...#...##########.
{{#.@e#.##..........(
.#####@##.##.#######.##
#..o..o....##.# #.##
########.####.# #...
.........# #.##
###.####.# #.##
#......# #..(
######.#######.##
#.........#


You could see Edmund, Duvessa (berserk) and an orc.

Vanquished Creatures
  Grinder (D:3)
  Sigmund (D:3)
  An ogre (D:4)
  Dowan (D:4)
  A hound (D:3)
  Jessica (D:2)
  Natasha (thrice) (D:3)
  An orc wizard (D:4)
  2 scorpion zombies (D:3)
  Robin (D:3)
  4 adders
  3 worms (D:3)
  5 dart slugs
  3 orcs (D:4)
  8 ball pythons
  8 endoplasms
  3 giant cockroaches
  7 goblins
  11 hobgoblins
  3 jackals (D:1)
  2 quokkas
  4 bats
  2 kobolds (D:1)
  5 rats
81 creatures vanquished.

Notes
Turn   | Place    | Note
-------+----------+-------------------------------------------
     0 | D:1      | GigaChad the Formicid Fighter began the quest for the Orb.
     0 | D:1      | Reached XP level 1. HP: 18/18 MP: 1/1
   355 | D:1      | Reached XP level 2. HP: 13/24 MP: 2/2
   703 | D:1      | Found a faded altar of an unknown god.
   962 | D:2      | Reached XP level 3. HP: 29/29 MP: 3/3
  1171 | D:2      | Found a glowing golden altar of the Shining One.
  1484 | D:2      | Noticed Jessica
  1488 | D:2      | Killed Jessica
  1489 | D:2      | Reached skill level 3 in Axes
  1489 | D:2      | Reached XP level 4. HP: 30/37 MP: 4/4
  1822 | D:3      | Noticed Natasha
  1828 | D:3      | Killed Natasha
  1829 | D:3      | Reached XP level 5. HP: 33/42 MP: 5/5
  1900 | D:3      | Noticed Grinder
  1910 | D:3      | Killed Grinder
  1911 | D:3      | Reached skill level 4 in Axes
  1911 | D:3      | Reached skill level 5 in Shields
  1911 | D:3      | Reached XP level 6. HP: 18/48 MP: 6/6
  2057 | D:3      | Found a shimmering blue altar of Sif Muna.
  2090 | D:3      | Noticed Sigmund
  2098 | D:3      | Killed Sigmund
  2099 | D:3      | Reached skill level 5 in Axes
  2099 | D:3      | Reached XP level 7. HP: 55/55 MP: 7/7
  2103 | D:3      | Found a runed translucent door.
  2104 | D:3      | Noticed Crazy Yiuf
  2313 | D:3      | Identified the +5 short sword "Tosunos" {flame, Drain rPois
                  | MP+9 Dex+3}
  2350 | D:3      | Noticed Natasha
  2356 | D:3      | Killed Natasha
  2406 | D:3      | Found a runed translucent gate.
  2406 | D:3      | Found a runed translucent gate.
  2406 | D:3      | Found a runed translucent gate.
  2406 | D:3      | Noticed Chodeload's ghost (amateur BaWn)
  2411 | D:3      | Found a basalt altar of Yredelemnul.
  2562 | D:3      | Reached skill level 6 in Axes
  2668 | D:3      | Noticed Robin
  2696 | D:3      | Killed Robin
  2896 | D:3      | Noticed Natasha
  3058 | D:2      | Became a worshipper of the Shining One
  3110 | D:3      | Killed Natasha
  3251 | D:4      | Reached skill level 5 in Armour
  3251 | D:4      | Reached XP level 8. HP: 23/61 MP: 8/8
  3437 | D:4      | Found an iron altar of Okawaru.
  3521 | D:4      | Noticed Duvessa
  3521 | D:4      | Noticed Dowan
  3527 | D:4      | Noticed Edmund
  3531 | D:4      | Killed Dowan
  3533 | D:4      | HP: 3/61 [Duvessa/+0 short sword (2)]
  3534 | D:4      | Mangled by Edmund

Illustrated notes

Levels and vault maps discovered:
D:1:      scummos_arrival_gate, layout_loops_corners,
          shapermc_ecumenical_altar_mp_ritualfount
D:2:      layout_loops_ring, basic_altar, roderic_lattice_a,
          kennysheep_jessica_study
D:3:      layout_rooms, nicolae_yredelemnul_ghost_church,
          mainiacjoe_overflow_six_doors_small, grunt_ministairs_11,
          uniq_natasha, uniq_crazy_yiuf_cottage, uniq_sigmund, uniq_grinder,
          uniq_robin
D:4:      dreamdust_elfheim, layout_loops_ring,
          mainiacjoe_overflow_tiny_flanked, xom_butterflies, st_stairs_1,
          uniq_edmund

Skill      XL: |  1  2  3  4  5  6  7 |
---------------+----------------------+-----
Axes           | 3 4 5 6 |  6.6
Fighting       | 4 |  4.9
Armour         | 4 5 |  5.1
Shields        | 5 |  5.6

Action                     |  1- 3 |  4- 6 |  7- 9 || total
---------------------------+-------+-------+-------++-------
  Melee: War axe           |    73 |    39 |   117 ||   229
    Use: Scroll            |     4 |     1 |       ||     5
 Armour: Scale mail        |    30 |       |       ||    30
         Chain mail        |     2 |    14 |    54 ||    70
  Dodge: Dodged            |    31 |    12 |    38 ||    81
  Block: Buckler           |    16 |     4 |    25 ||    45
